 Dungeon Crawl Stone Soup version 0.28.0-43-g3370ac3207 (webtiles) character file.

Game seed: 15671291479540356489

28 terff the Covered (level 3, 0/29 HPs)
             Began as a Human Fighter on Mar 30, 2022.
             Succumbed to a goblin's poison
             ... on level 2 of the Dungeon.
             The game lasted 00:01:45 (719 turns).

terff the Covered (Human Fighter)                    Turns: 719, Time: 00:01:45

Health: 0/29       AC:  6    Str: 16    XL:     3   Next: 27%
Magic:  3/3        EV:  9    Int:  8    God:
Gold:   82         SH:  5    Dex: 14    Spells: 2/2 levels left

rFire   . . .      SeeInvis .   e - +0 whip (vamp)
rCold   . . .      Faith    .   c - +0 buckler
rNeg    . . .      Spirit   .   b - +0 scale mail
rPois   .          Reflect  .   (no helmet)
rElec   .          Harm     .   (no cloak)
rCorr   .          Rampage  .   (no gloves)
Will    .....                   (no boots)
Stlth   ..........              (no amulet)
HPRegen 0.09/turn               (no ring)
MPRegen 0.08/turn               (no ring)

@: lethally poisoned (0 -> -13), attractive
A: no striking features
a: no special abilities


You were on level 2 of the Dungeon.
You visited 1 branch of the dungeon, and saw 2 of its levels.

You collected 82 gold pieces.

Inventory:

Hand Weapons
 a - a +0 flail
 e - a +0 vampiric whip (weapon)
Armour
 b - a +0 scale mail (worn)
 c - a +0 buckler (worn)
Scrolls
 f - a scroll of magic mapping {unknown}
 h - a scroll of identify {unknown}
Potions
 d - a potion of might
 g - a potion of attraction


   Skills:
 * Level 3.1 Fighting
 + Level 2.3 Maces & Flails
 + Level 3.5 Armour
 + Level 0.2 Dodging
 + Level 3.2 Shields


You had 2 spell levels left.
You didn't know any spells.
Your spell library was empty.

Dungeon Overview and Level Annotations

Branches:
Dungeon (2/15)

Altars:

Annotations:
D:2 Robin


Message History

The hobgoblin hits you. Robin throws the goblin at you!
You hit the hobgoblin but do no damage.
The hobgoblin is severely wounded.
The goblin closely misses you. You block the hobgoblin's attack.
You hit the hobgoblin but do no damage.
The hobgoblin is severely wounded.
You block the goblin's attack. The hobgoblin closely misses you.
Robin says, "Duck!"
The goblin hits you but does no damage.
You are poisoned.
You barely miss the hobgoblin.
The hobgoblin is severely wounded.
You feel very sick. You block the hobgoblin's attack.
Robin roars a battlecry!
The goblin goes into a battle-frenzy!
The goblin closely misses you.
You hear a shout! x2
You closely miss the goblin.
You feel sick. The hobgoblin barely misses you.
The goblin hits you but does no damage.
You are more poisoned.
You hit the goblin.
You feel better.
The goblin is severely wounded.
You feel very sick. The hobgoblin hits you.
A hobgoblin comes into view.
The goblin hits you with a +0 dagger of venom.
You are more poisoned.
You hit the goblin.
You feel better.
You kill the goblin!
You feel very sick. The hobgoblin hits you.
* * * LOW HITPOINT WARNING * * *
The hobgoblin closely misses you.
* * * LOW HITPOINT WARNING * * *
You feel very sick.
You see here a +0 dagger of venom.
It was a potion of attraction.
You feel attractive to monsters.
You die...

####..######.#####
#........#........
#.##.###..........
#.##.# ###.#.####.
#.##.# #.#.####.
#.##.# #.....###
#.##.# #.###.#
#.##.# #.# #.#
#@##.# #.###.#
#g##.# #.....###
#)# #.###.... #g#
#.# ##### #g#
#.####...
.......g#
#........
.....##..
######)## ..g.
.... #.# ..g #.###
#.#


You could see Robin, 2 hobgoblins and a goblin (strong).

Vanquished Creatures
  A dart slug (D:1)
  A ball python (D:1)
  4 bats
  An endoplasm (D:1)
  2 giant cockroaches (D:1)
  5 goblins
  3 hobgoblins
  3 frilled lizards (D:1)
  2 kobolds (D:1)
22 creatures vanquished.

Notes
Turn   | Place    | Note
-------+----------+-------------------------------------------
     0 | D:1      | terff the Human Fighter began the quest for the Orb.
     0 | D:1      | Reached XP level 1. HP: 18/18 MP: 1/1
    57 | D:1      | Reached XP level 2. HP: 19/24 MP: 2/2
   601 | D:2      | Reached XP level 3. HP: 29/29 MP: 3/3
   709 | D:2      | Noticed Robin
   719 | D:2      | Succumbed to a goblin's poison

Illustrated notes

Levels and vault maps discovered:
D:1:      tarquinn_simple_flora_water_b, layout_rooms,
          shapermc_ecumenical_altar_petra
D:2:      layout_loops_ring, basic_altar, uniq_robin, uniq_jessica

Action                   || total
-------------------------++-------
Melee: Flail             ||    20
       Whip              ||    69
  Use: Potion            ||     1
Armor: Scale mail        ||    39
Dodge: Dodged            ||    40
Block: Buckler           ||    23
